 Dungeon Crawl Stone Soup version 0.32-a0-43-g058985b245 (webtiles) character file.

Game seed: 3893057318339972612

3304 cforsyth the Fighter (level 10, -4/80 HPs)
             Began as a Djinni Warper on Feb 4, 2024.
             Shot with an arrow by a centaur warrior (12 damage)
             ... on level 8 of the Dungeon.
             The game lasted 00:14:13 (7819 turns).

cforsyth the Fighter (Djinni Warper)                Turns: 7819, Time: 00:14:14

Health: -4/80      AC:  7    Str: 10    XL:     10   Next: 21%
Gold:   219        EV: 12    Int: 18    God:
                   SH:  0    Dex: 14

rFire   + + +        (no weapon)
rCold   x . .        (no shield)
rNeg    . . .        k - +1 leather armour {rF+}
rPois   ∞            J - +0 helmet
rElec   .            I - +0 cloak
rCorr   .            j - +0 pair of gloves
SInv    .            (boots unavailable)
Will    +....        (no amulet)
Stlth   +            (no ring)
HPRegen 0.33/turn    (no ring)
MPRegen 0.00/turn

%: infuse magic (-5 HP)
@: flying
A: sickness immunity, fire resistance 2, cold vulnerability 1, float, innate
caster, HP casting, extra vitality 1
a: no special abilities


You were on level 8 of the Dungeon.
You visited 1 branch of the dungeon, and saw 8 of its levels.

You collected 362 gold pieces.
You spent 143 gold pieces at shops.

Inventory:

Hand Weapons
 a - the +4 dagger of Cutudwe {freeze, Str+5}
   (You found it on level 2 of the Dungeon)

   Str+5:     It affects your strength (+5).
 u - the +5 hand axe "Xuulecot" {elec, rN+}
   (You found it on level 4 of the Dungeon)

   rN+:       It protects you from negative energy.
Missiles
 d - 6 darts of dispersal
 p - 6 poisoned darts
 C - 2 curare-tipped darts
Armour
 f - a +0 helmet
 j - a +0 pair of gloves (worn)
 k - a +1 leather armour of fire resistance (worn)
 I - a +0 cloak (worn)
 J - a +0 helmet (worn)
Jewellery
 x - an amulet of faith
Wands
 v - a wand of iceblast (20)
 K - a wand of polymorph (10)
 L - a wand of flame (8)
Scrolls
 b - a scroll of noise {unknown}
 c - 2 scrolls of blinking
 g - a scroll of fog {unknown}
 i - 2 scrolls of fear {unknown}
 m - a scroll of vulnerability {unknown}
 q - 2 scrolls of enchant weapon {unknown}
 s - 5 scrolls of poison {unknown}
 t - a scroll of butterflies {unknown}
 y - 4 scrolls of teleportation {unknown}
 D - 3 scrolls of identify
 E - a scroll of immolation {unknown}
 F - a scroll of revelation {unknown}
 M - a scroll of enchant armour {unknown}
Potions
 e - a potion of cancellation
 h - a potion of lignification
 l - 5 potions of curing
 n - 2 potions of ambrosia
 o - a potion of resistance {unknown}
 r - 3 potions of enlightenment {unknown}
 w - a potion of mutation {unknown}
 z - a potion of haste {unknown}
 A - a potion of invisibility {unknown}
 B - a potion of brilliance {unknown}
 G - a potion of might {unknown}
 H - a potion of degeneration {unknown}


   Skills:
 + Level 10.2 Fighting
 - Level 1.7 Long Blades
 - Level 0.7 Throwing
 - Level 1.0 Armour
 - Level 2.1 Dodging
 + Level 8.1 Spellcasting
 + Level 8.1 Conjurations
 + Level 8.1 Hexes
 + Level 8.1 Summonings
 + Level 8.1 Necromancy
 + Level 8.1 Translocations
 + Level 8.1 Fire Magic
 + Level 8.1 Ice Magic
 + Level 8.1 Air Magic
 + Level 8.1 Earth Magic
 + Level 8.1 Alchemy


You knew the following spells:

 Your Spells              Type           Power      Damage    Failure   Level
a - Blink                 Tloc           72%        N/A       1%          2
b - Lesser Beckoning      Tloc           72%        N/A       1%          2
c - Teleport Other        Tloc           36%        N/A       1%          3
d - Manifold Assault      Tloc           36%        N/A       4%          4
e - Vhi's Electric Charg  Tloc/Air       72%        N/A       4%          4
f - Necrotise             Necr           100%       1d9       1%          1
g - Scorch                Fire           72%        2d8       1%          2
h - Searing Ray           Conj           72%        2d7       1%          2
i - Summon Ice Beast      Ice/Summ       36%        N/A       1%          3
Your spell library was empty.

Dungeon Overview and Level Annotations

Branches:
Dungeon (8/15)             Temple (0/1) D:5
   Lair: D:8-11

Altars:
Ashenzari
Nemelex Xobeh
Uskayaw

Shops:
D:2 !   D:7 *   D:8 *[

Annotations:
D:3 1 runed translucent door, porpoise's ghost, amateur DsSu
D:4 2 transporters
D:6 1 runed translucent door, CraigForest's ghost, novice DsGl


Innate Abilities, Weirdness & Mutations

You are immune to sickness and miasma.
You are immune to poison.
Your flesh is very heat resistant. (rF++)
You are vulnerable to cold. (rC-)
You float through the air rather than walking.
You learn spells naturally, not from books.
Your magical power is your life essence.
You have superior vitality. (+4 MHP)


Message History

Something closely misses your ice beast.
Something barely misses your ice beast. Something hits your ice beast!
Your ice beast dies!
Your ice beast disappears in a puff of smoke!
The centaur warrior wields a +0 shortbow.
The centaur warrior shoots an arrow.
The arrow hits you!!
You see here a +0 short sword.
Casting: Summon Ice Beast (safe; 1% risk of failure)
Confirm with . or Enter, or press ? or * to list all spells.
A chill wind blows around you.
You start resting.
Your ice beast barely misses the centaur warrior.
Flames lash the centaur warrior.
The centaur warrior is lightly wounded.
The centaur warrior's fire resistance burns away.
The centaur warrior unwields a +0 shortbow.
The centaur warrior hits your ice beast!
The centaur warrior closely misses your ice beast.
Your ice beast hits the centaur warrior.
Your ice beast freezes the centaur warrior!
Flames lash the centaur warrior.
The centaur warrior is burned terribly!
The centaur warrior is heavily wounded.
The centaur warrior wields a +0 shortbow.
The centaur warrior shoots an arrow.
The arrow hits your ice beast!
Your ice beast hits the centaur warrior.
Your ice beast freezes the centaur warrior!
The centaur warrior shoots an arrow.
The arrow hits your ice beast!!
Your ice beast dies!
Your ice beast disappears in a puff of smoke!
Flames lash the centaur warrior.
The centaur warrior is burned terribly!
The centaur warrior is severely wounded.
The centaur warrior shoots an arrow.
The arrow hits you!
Casting: Scorch (safe; 1% risk of failure)
Confirm with . or Enter, or press ? or * to list all spells.
A chill wind blows around you.
The centaur warrior shoots an arrow.
The arrow hits you!!
* * * LOW HITPOINT WARNING * * *
The centaur warrior shoots an arrow.
The arrow hits you!
You die...

.# #§#..#...##..........###
.# ##.##.....##..#######....
.# #...#.....#......#######.
.# ##..c##....#.####....# ##
#. #....)#......# ####.# #..
##..#..##)...## #.### ##.
#...##..#..### #...# .#.#
##..##...##Y# ####.# .##
#.........#@#########....#
..#
#.......).#.##........####
#.#############c.#..########
#...........).).§..##
.................###
#########.....>..#
#........# #........#
#........#


You could see a centaur warrior (combustible, ally target) and a friendly ice
beast (summoned).

Vanquished Creatures
  A two-headed ogre (D:8)
  A wyvern (D:8)
  2 black bears
  An ice beast (D:6)
  4 centaurs
  2 phantoms
  2 kobold brigands
  5 bullfrogs
  A gnoll sergeant (D:5)
  6 scorpions
  5 wights
  2 killer bees (D:7)
  A howler monkey (D:6)
  A sleepcap (D:6)
  2 hounds (D:6)
  4 iguanas
  Natasha (thrice) (D:2)
  3 orc wizards
  Robin (D:4)
  6 adders
  4 gnolls (D:5)
  A shadow imp (D:7)
  An ufetubus (D:6)
  A ribbon worm (D:2)
  24 orcs
  4 ball pythons
  2 endoplasms
  3 giant cockroaches
  12 goblins
  6 hobgoblins
  A quokka (D:1)
  3 bats
  3 frilled lizards
  9 kobolds
  A rat (D:1)
128 creatures vanquished.

Vanquished Creatures (collateral kills)
  A killer bee (D:7)
  An orc wizard (D:8)
  A dart slug (D:2)
  A kobold (D:7)
4 creatures vanquished.

Grand Total: 132 creatures vanquished

Notes
Turn   | Place    | Note
-------+----------+-------------------------------------------
     0 | D:1      | cforsyth the Djinni Warper began the quest for the Orb.
     0 | D:1      | cforsyth set off with the following spells memorised:
                  | Blink, Lesser Beckoning, Teleport Other, Manifold Assault,
                  | Vhi's Electric Charge.
     0 | D:1      | Reached XP level 1. HP: 18/18 MP: 0/0
   184 | D:1      | Reached XP level 2. HP: 21/23 MP: 0/0
   346 | D:1      | You are sucked into a shaft and drop 1 floor!
   361 | D:2      | Reached XP level 3. HP: 23/29 MP: 0/0
   361 | D:2      | Learned a level 1 spell: Necrotise
   420 | D:2      | Identified the +4 dagger of Cutudwe {freeze, Str+5}
   484 | D:2      | Reached skill level 3 in Fighting
   537 | D:2      | Found Apluelud's Distillery.
   547 | D:2      | Noticed Natasha
   553 | D:2      | Killed Natasha
   554 | D:2      | Reached XP level 4. HP: 24/35 MP: 0/0
  1295 | D:2      | Noticed Natasha
  1302 | D:2      | Killed Natasha
  1303 | D:2      | Reached XP level 5. HP: 25/41 MP: 0/0
  1303 | D:2      | Learned a level 2 spell: Scorch
  1493 | D:2      | Noticed Natasha
  1498 | D:2      | Killed Natasha
  1563 | D:2      | Found a faded altar of an unknown god.
  1563 | D:2      | Noticed a tormentor
  1598 | D:3      | Noticed porpoise's ghost (amateur DsSu)
  1613 | D:3      | Reached skill level 4 in Fighting
  2307 | D:3      | Reached XP level 6. HP: 42/47 MP: 0/0
  2341 | D:3      | Found a runed translucent door.
  2347 | D:3      | Found a broken altar of Ashenzari.
  2891 | D:4      | Found a sparkling altar of Nemelex Xobeh.
  2891 | D:4      | Found a hide-covered altar of Uskayaw.
  2891 | D:4      | Noticed a sky beast
  2893 | D:4      | Found a transporter.
  2904 | D:4      | Found a transporter.
  2947 | D:4      | Identified the +5 hand axe "Xuulecot" {elec, rN+}
  3086 | D:4      | Noticed Robin
  3123 | D:4      | Killed Robin
  3124 | D:4      | Reached skill level 5 in Fighting
  3565 | D:5      | Entered Level 5 of the Dungeon
  3645 | D:5      | Reached XP level 7. HP: 35/54 MP: 0/0
  3645 | D:5      | Learned a level 2 spell: Searing Ray
  3932 | D:5      | Reached skill level 5 in Spellcasting
  3932 | D:5      | Reached skill level 5 in Conjurations
  3932 | D:5      | Reached skill level 5 in Hexes
  3932 | D:5      | Reached skill level 5 in Summonings
  3932 | D:5      | Reached skill level 5 in Necromancy
  3932 | D:5      | Reached skill level 5 in Translocations
  3932 | D:5      | Reached skill level 5 in Fire Magic
  3932 | D:5      | Reached skill level 5 in Ice Magic
  3932 | D:5      | Reached skill level 5 in Air Magic
  3932 | D:5      | Reached skill level 5 in Earth Magic
  3932 | D:5      | Reached skill level 5 in Alchemy
  4257 | D:5      | Found a staircase to the Ecumenical Temple.
  4324 | D:5      | Reached skill level 6 in Fighting
  4478 | D:5      | Reached XP level 8. HP: 57/61 MP: 0/0
  4561 | D:6      | Found a runed translucent door.
  4609 | D:6      | Noticed CraigForest's ghost (novice DsGl)
  4877 | D:6      | Reached skill level 7 in Fighting
  5166 | D:6      | Reached XP level 9. HP: 55/70 MP: 0/0
  5166 | D:6      | Learned a level 3 spell: Summon Ice Beast
  5376 | D:6      | Reached skill level 8 in Fighting
  6597 | D:7      | Reached skill level 9 in Fighting
  6760 | D:7      | Found Vucreduz's Assorted Antiques.
  6765 | D:7      | Bought a scroll labelled MIESAC XEIW for 22 gold pieces
  6765 | D:7      | Bought a purple potion for 19 gold pieces
  6765 | D:7      | Bought 2 black potions for 39 gold pieces
  6765 | D:7      | Bought a scroll of identify for 44 gold pieces
  6765 | D:7      | Bought a viscous blue potion for 19 gold pieces
  7235 | D:8      | Found Aycwomov's Alliterative Accessories.
  7338 | D:8      | Noticed a two-headed ogre
  7433 | D:8      | Killed a two-headed ogre
  7434 | D:8      | Reached skill level 10 in Fighting
  7434 | D:8      | Reached XP level 10. HP: 70/80 MP: 0/0
  7626 | D:8      | Found Seubb's Antique Armour Shoppe.
  7783 | D:8      | Noticed a deep elf pyromancer
  7783 | D:8      | Noticed a centaur warrior
  7783 | D:8      | Noticed a two-headed ogre
  7819 | D:8      | Shot with an arrow by a centaur warrior

Illustrated notes

Levels and vault maps discovered:
D:1:      eino_arrival_druids_welcome, layout_basic, kennysheep_boxes
D:2:      layout_rooms, dreamdust_ecumenical_altar_sealed_demon, serial_shops,
          nicolae_shop_getting_attention, kennysheep_generic_room_10,
          uniq_natasha
D:3:      layout_rooms, nicolae_overflow_hidden_temple,
          hellmonk_ghost_happy_afterlife, feat_on_display
D:4:      layout_loops_ring, gammafunk_temple_overflow_arena, uniq_robin
D:5:      nicolae_cairo_tiling_large, layout_rooms,
          minmay_temple_entry_nine_rooms, nrook_mini_vaults
D:6:      layout_rooms, ebering_ghost_sewer_d, grunt_tough_drop
D:7:      layout_rooms, serial_shops, nicolae_shop_hallway_plus
D:8:      minmay_the_grid_triangle_9x9_rhombus_thin
          [minmay_the_grid_triangle_9x9_intruding_spiral,
          minmay_the_grid_triangle_9x9_prize_center,
          minmay_the_grid_triangle_9x9_pentomino_pain,
          minmay_the_grid_triangle_9x9_wacky_v], layout_rooms, serial_shops,
          shop, nicolae_alphabet_shops

Skill      XL: |  1  2  3  4  5  6  7  8  9 10 |
---------------+-------------------------------+-----
Spellcasting   | 3 4 5 6 7 8 |  8.1
Conjurations   | 3 4 5 6 7 8 |  8.1
Hexes          | 3 4 5 6 7 8 |  8.1
Summonings     | 3 4 5 6 7 8 |  8.1
Necromancy     | 3 4 5 6 7 8 |  8.1
Translocations | 3 4 5 6 7 8 |  8.1
Fire Magic     | 3 4 5 6 7 8 |  8.1
Ice Magic      | 3 4 5 6 7 8 |  8.1
Air Magic      | 3 4 5 6 7 8 |  8.1
Earth Magic    | 3 4 5 6 7 8 |  8.1
Alchemy        | 3 4 5 6 7 8 |  8.1
Fighting       | 3 4 5 6 7 10 | 10.2
Long Blades    | |  1.7
Throwing       | |  0.7
Armour         | |  1.0
Dodging        | |  2.1

Action                     |  1- 3 |  4- 6 |  7- 9 | 10-12 || total
---------------------------+-------+-------+-------+-------++-------
  Melee: Falchion          |    37 |       |       |       ||    37
         Dagger            |       |     4 |       |       ||     4
  Throw: Dart              |     1 |       |       |       ||     1
   Cast: Necrotise         |    23 |    15 |       |       ||    38
         Scorch            |       |    71 |   157 |    10 ||   238
         Searing Ray       |       |       |     2 |       ||     2
         Lesser Beckoning  |       |       |     3 |       ||     3
         Summon Ice Beast  |       |       |    10 |     4 ||    14
    Use: Scroll            |       |     4 |       |       ||     4
 Armour: Leather armour    |    24 |    32 |    70 |     5 ||   131
  Dodge: Dodged            |    34 |    22 |    49 |     4 ||   109

Table legend: (Time is in decaauts)
 A = Elapsed time spent in this place.
 B = Non-inter-level travel time spent in this place.
 C = Inter-level travel time spent in this place.
 D = Time resting spent in this place.
 E = Time spent auto-exploring this place.
 F = Levels seen in this place.
 G = Mean time per level.
                   A        B        C        D        E       F      G
               +--------+--------+--------+--------+--------+-----+--------+
         Total |   7836 |   7456 |    380 |   1274 |   5116 |   8 |  979.5 |
       Dungeon |   7836 |   7456 |    380 |   1274 |   5116 |   8 |  979.5 |
               +--------+--------+--------+--------+--------+-----+--------+

Top non-repeatable levels by time:
     D:6: 1553 daAuts
     D:5: 1220 daAuts
     D:2: 1218 daAuts
     D:4: 1004 daAuts
     D:1: 924 daAuts
     D:7: 690 daAuts
     D:8: 689 daAuts
     D:3: 535 daAuts
